 Dungeon Crawl Stone Soup version 0.27-a0-1140-g099f9bb0e8 (webtiles) character file.

Game seed: 3113672893560152975

8655 HagarQim the Thaumaturge (level 11, -16/57 HPs)
             Began as a Deep Elf Conjurer on May 10, 2021.
             Was an Initiate of Gozag.
             Killed by divine providence
             ... invoked by a meliai
              (17 damage)
             ... on level 9 of the Dungeon.
             The game lasted 01:02:41 (12842 turns).

HagarQim the Thaumaturge (Deep Elf Conjurer)       Turns: 12842, Time: 01:02:41

Health: -16/57     AC:  0    Str:  2 (4)  XL:     11   Next: 12%
Magic:  21/30      EV: 36    Int: 23 (25) God:    Gozag
Gold:   702        SH:  0    Dex: 15 (18) Spells: 19/37 levels left

rFire    . . .     SeeInvis .   (weapon currently unavailable)
rCold    . . .     Faith    .   (shield currently unavailable)
rNeg     . . .     Spirit   .   (armour currently unavailable)
rPois    .         Reflect  .   (helmet currently unavailable)
rElec    .         Harm     .   (cloak currently unavailable)
rCorr    .         Rampage  .   (gloves currently unavailable)
Will     +....                  (boots currently unavailable)
Stlth    +++.......             n - amulet of the acrobat
HPRegen  0.19/turn              (ring currently unavailable)
MPRegen  0.22/turn              (ring currently unavailable)

@: bat-form, acrobatic, flying, very quick
A: fast, flying, no casting, tiny, (antennae 1), (cold resistance 1), dopey 1
a: Renounce Religion, Potion Petition, Call Merchant, Bribe Branch


You were on level 9 of the Dungeon.
You worshipped Gozag.
Gozag was pleased with you.
You were a bat.
You visited 2 branches of the dungeon, and saw 10 of its levels.

You collected 1151 gold pieces.
You spent 279 gold pieces at shops.
You paid 170 gold pieces to Gozag.

Inventory:

Hand Weapons
 b - a +0 short sword
 d - a +3 dagger of flaming
 i - a +2 vorpal shortbow
 u - a +2 vampiric hand axe
 v - a +1 vorpal flail
 F - a +3 scimitar
Missiles
 m - 224 stones
 p - 5 throwing nets
 q - 4 curare-tipped darts
 D - 49 arrows
Armour
 a - a +1 robe
 w - a +0 kite shield
 A - a +2 robe of fire resistance (melded)
 B - a +0 helmet
Magical Staves
 k - a staff of conjuration (melded)
 l - a staff of earth
Jewellery
 c - a ring of ice (melded)
 j - a ring of protection from cold (melded)
 n - an amulet of the acrobat (around neck)
 s - an amulet of guardian spirit
Wands
 t - a wand of iceblast (16)
 y - a wand of digging (5)
Scrolls
 e - a scroll of amnesia
 h - a scroll of immolation {unknown}
 x - a scroll of fear
 C - a scroll of enchant weapon
Potions
 f - 3 potions of brilliance
 g - 3 potions of attraction
 r - a potion of flight
 E - a potion of lignification


   Skills:
 + Level 2.1 Fighting
 + Level 0.3 Short Blades
 + Level 4.5 Dodging
 + Level 5.7 Stealth
 + Level 13.8 Spellcasting
 + Level 11.4 Conjurations
 + Level 1.3 Hexes
 + Level 1.9 Summonings
 + Level 6.2 Translocations
 * Level 3.3 Fire Magic
 + Level 0.1 Ice Magic


You had 19 spell levels left.
You knew the following spells:

 Your Spells              Type           Power      Damage    Failure   Level
a - Magic Dart            Conj           100%       1d8       1%          1
b - Searing Ray           Conj           100%       3d7       1%          2
c - Summon Small Mammal   Summ           96%        N/A       1%          1
d - Iskenderun's Mystic   Conj/Tloc      54%        2d12      1%          4
e - Ensorcelled Hibernat  Hex/Ice        38%        N/A       4%          2
f - Orb of Destruction    Conj           31%        9d12      28%         7
g - Foxfire               Conj/Fire      100%       2x1d9     1%          1

Your spell library contained the following spells:

 Spells                   Type           Power      Damage    Failure   Level
 Apportation              Tloc           88%        N/A       1%          1
 Shock                    Conj/Air       100%       1d9       1%          1
 Conjure Flame            Conj/Fire      49%        6-21      1%          3
 Dazzling Flash           Conj/Hex       90%        N/A       1%          3
 Sticky Flame             Conj/Fire      49%        2d7       1%          4
 Corona                   Hex            23%        N/A       2%          1
 Fulminant Prism          Conj/Hex       22%        3d13      2%          4
 Animate Skeleton         Necr           30%        N/A       3%          1
 Confusing Touch          Hex            21%        N/A       7%          3
 Tukima's Dance           Hex            21%        N/A       7%          3
 Starburst                Conj/Fire      24%        8x6d8     28%         6


Dungeon Overview and Level Annotations

Branches:
Dungeon (9/15)             Temple (1/1) D:6            Lair (0/6) D:9
    Orc (0/2) D:9

Altars:
Ashenzari
Cheibriados
Dithmenos
Elyvilon
Fedhas
Gozag
Hepliaklqana
Kikubaaqudgha
Makhleb
Nemelex Xobeh
Okawaru
Qazlal
Ru
Sif Muna
Trog
Uskayaw
Vehumet
Wu Jian
Xom
Yredelemnul
Zin
The Shining One

Shops:
D:2 ?![!?   D:5 *   D:9 ((


Innate Abilities, Weirdness & Mutations

You are a bat.
You are tiny and dextrous.
You move quickly.
You are flying.
Your equipment is almost entirely melded.
You are incapable of wielding weapons or throwing items.
You cannot cast spells.
((You have a pair of small antennae on your head.))
((Your flesh is cold resistant. (rC+)))
You are dopey. (Int -2)


Message History

Casting: Iskenderun's Mystic Blast (dangerous; 1% risk of failure)
Confirm with . or Enter, or press ? or * to list all spells.
You feel a surge of power!
You erupt in a blast of force!
The mystic blast hits the meliai.
The meliai is moderately wounded.
The meliai buzzes angrily.
The meliai is knocked back by the mystic blast.
You hear an angry buzzing noise.
You hear a shout!
The meliai calls down the wrath of its god upon you.
Something smites you!
A vampire mosquito comes into view.
The meliai zaps a wand.
You turn into a bat.
Your staff of conjuration melds into your body.
Your +2 robe of fire resistance melds into your body.
Your ring of protection from cold melds into your body.
Your ring of ice melds into your body.
You feel less resistant to fire.
The meliai zaps a wand.
The meliai calls down the wrath of its god upon you.
Something smites you!
There is an open door here.
You reach down and close the door.
A meliai opens the door.
The meliai zaps a wand.
The meliai zaps a wand.
The meliai invokes the aid of its god against you.
Something smites you!
Really quaff the potion of lignification?
You are stuck in your current form!
The meliai zaps a wand.
Okay, then.
You feel better. The vampire mosquito bites you!
* * * LOW HITPOINT WARNING * * *
The vampire mosquito draws strength from your injuries!
The meliai hits you with a +0 war axe!
* * * LOW HITPOINT WARNING * * *
The meliai closely misses you. The vampire mosquito misses you.
The meliai invokes the aid of its god against you.
Something smites you!
You die...
Your body crumbles into a pile of gold.

#...............................
###.............................
#..................<..........
###########....########).....#
§§§ #....#......#......# §§§§
######.....(#......#
§§§§§#...........#......#
§§§§§#...######..#....###
######..b# #..#....#88
#_.......# #..#....'y.
######.yy# #..###..#88
§§§§§#...######....#..###
§§§§§#......[[)[...'....# §§§§
#.............#....# §§§
#.........#####....# ### ######
#.........#........# #.#
#....######......#.........


You could see a vampire mosquito and a meliai.

Vanquished Creatures
  Harold (D:8)
  A kobold demonologist (D:9)
  Sigmund (D:2)
  2 shadows (D:9)
  A vampire (D:9)
  A wyvern (D:8)
  A wraith (D:9)
  13 yaks
  A steam dragon (D:9)
  An acid dragon (D:9)
  5 water moccasins
  3 black bears
  2 ice beasts
  2 sky beasts
  3 orc warriors
  A necrophage (D:3)
  2 ogres
  3 centaurs
  3 phantoms (D:5)
  5 bullfrogs
  2 wyvern zombies (D:8)
  A scorpion (D:9)
  A water moccasin skeleton (D:5)
  2 troll zombies (D:9)
  6 wights
  9 killer bees (D:8)
  A howler monkey (D:6)
  A lava snake (D:8)
  4 orc priests
  3 hounds
  A bullfrog skeleton (D:6)
  A centaur zombie (D:7)
  A jelly (D:4)
  Jessica (D:2)
  4 centaur skeletons
  Natasha (thrice) (D:4)
  An iguana (D:4)
  8 orc wizards
  A hell rat (D:8)
  5 ogre zombies (D:9)
  A hound skeleton (D:4)
  2 howler monkey zombies (D:9)
  9 gnolls
  6 adders
  6 river rats (D:8)
  2 white imps (D:8)
  An adder skeleton (D:4)
  2 worms
  2 dart slugs
  22 orcs
  5 bats
  8 endoplasms
  3 giant cockroaches
  3 goblins
  7 hobgoblins
  4 kobolds
  14 quokkas
  10 ball pythons
  3 frilled lizards
  A goblin skeleton (D:9)
  A goblin zombie (D:9)
  A hobgoblin skeleton (D:9)
  4 hobgoblin zombies (D:9)
  4 orc skeletons (D:9)
  14 orc zombies (D:9)
  17 rats
260 creatures vanquished.

Vanquished Creatures (others)
  A wight (D:9)
  12 foxfires (D:9)
  10 fungi (D:9)
  14 plants (D:9)
37 creatures vanquished.

Grand Total: 297 creatures vanquished

Notes
Turn   | Place    | Note
-------+----------+-------------------------------------------
     0 | D:1      | HagarQim the Deep Elf Conjurer began the quest for the Orb.
     0 | D:1      | Reached XP level 1. HP: 10/10 MP: 6/6
   191 | D:1      | Reached XP level 2. HP: 15/15 MP: 5/8
   611 | D:1      | Reached skill level 5 in Conjurations
   987 | D:1      | Reached XP level 3. HP: 19/19 MP: 8/10
  1160 | D:2      | Found Mam Cail's Magic Scroll Emporium.
  1189 | D:2      | Learned a level 2 spell: Searing Ray
  1204 | D:2      | Found Cobisk's Antique Armour Shop.
  1209 | D:2      | Reached skill level 4 in Spellcasting
  1396 | D:2      | Found Ranti's Distillery.
  1498 | D:2      | Noticed Jessica
  1500 | D:2      | Killed Jessica
  1501 | D:2      | Reached XP level 4. HP: 24/24 MP: 9/12
  1547 | D:2      | Found Efezurrynk's Distillery.
  1570 | D:2      | Bought a potion of heal wounds for 65 gold pieces
  1672 | D:2      | Found Fytahaet's Magic Scroll Boutique.
  1683 | D:2      | Bought a scroll of identify for 20 gold pieces
  1917 | D:2      | You fall into a shaft and drop 1 floor!
  2248 | D:3      | Found a faded altar of an unknown god.
  2264 | D:3      | Noticed a necrophage
  2269 | D:3      | Killed a necrophage
  2270 | D:3      | Reached skill level 5 in Spellcasting
  2270 | D:3      | Reached XP level 5. HP: 28/28 MP: 7/14
  2674 | D:2      | Reached skill level 1 in Fighting
  2777 | D:2      | Found a snail-covered altar of Cheibriados.
  2790 | D:2      | Noticed Sigmund
  2796 | D:2      | Killed Sigmund
  2797 | D:2      | Reached XP level 6. HP: 34/34 MP: 8/16
  3061 | D:3      | Found a radiant altar of Vehumet.
  3297 | D:3      | Noticed a +0 falchion
  3299 | D:3      | Noticed a +0 falchion
  3300 | D:3      | Noticed a +0 dagger
  3301 | D:3      | Reached skill level 6 in Spellcasting
  3339 | D:3      | Noticed a +0 spear
  3339 | D:3      | Noticed a +0 short sword
  3340 | D:3      | Noticed a +0 dagger
  3340 | D:3      | Noticed a +0 spear
  3341 | D:3      | Noticed a +0 short sword
  3345 | D:3      | Found a hide-covered altar of Uskayaw.
  3555 | D:3      | Found an ornate altar of the Wu Jian Council.
  3702 | D:4      | Learned a level 1 spell: Summon Small Mammal
  3908 | D:4      | Reached XP level 7. HP: 25/39 MP: 8/19
  4188 | D:4      | Noticed Natasha
  4191 | D:4      | Killed Natasha
  4263 | D:4      | Noticed Natasha
  4266 | D:4      | Killed Natasha
  4314 | D:4      | Noticed Natasha
  4318 | D:4      | Killed Natasha
  4319 | D:4      | Reached skill level 7 in Spellcasting
  4554 | D:5      | Entered Level 5 of the Dungeon
  4853 | D:5      | Learned a level 4 spell: Iskenderun's Mystic Blast
  4880 | D:5      | Reached skill level 1 in Translocations
  5000 | D:5      | Reached skill level 8 in Spellcasting
  5165 | D:5      | Reached XP level 8. HP: 44/44 MP: 14/22
  5244 | D:5      | Found Omeety's General Store.
  5249 | D:5      | Reached skill level 1 in Summonings
  5679 | D:6      | Reached skill level 9 in Spellcasting
  5947 | D:5      | Bought a +2 robe of fire resistance for 194 gold pieces
  5998 | D:6      | Found a staircase to the Ecumenical Temple.
  6007 | Temple   | Entered the Ecumenical Temple
  6648 | D:6      | Found a sparkling altar of Nemelex Xobeh.
  6651 | D:6      | Found a white marble altar of Elyvilon.
  6656 | D:6      | Found a shimmering altar of Xom.
  7347 | D:7      | Reached skill level 10 in Spellcasting
  7347 | D:7      | Reached XP level 9. HP: 48/48 MP: 14/25
  7670 | D:7      | Found an iron altar of Okawaru.
  7671 | D:7      | Found a burning altar of Makhleb.
  7675 | D:7      | Found a basalt altar of Yredelemnul.
  7912 | D:7      | Found a broken altar of Ashenzari.
  8570 | D:8      | Reached skill level 11 in Spellcasting
  8608 | D:8      | Learned a level 2 spell: Ensorcelled Hibernation
  8789 | D:8      | Reached skill level 5 in Stealth
  8791 | D:8      | Reached skill level 5 in Translocations
  9044 | D:8      | Reached skill level 10 in Conjurations
  9277 | D:8      | Reached XP level 10. HP: 53/53 MP: 19/27
  9493 | D:8      | Identified a scroll of acquirement
  9493 | D:8      | Acquired Utauc's Guide on Arcane Weapons
  9505 | D:8      | Learned a level 7 spell: Orb of Destruction
  9628 | D:8      | Reached skill level 12 in Spellcasting
  9631 | D:8      | Noticed Harold
  9657 | D:8      | Killed Harold
 10284 | Temple   | Became a worshipper of Gozag Ym Sagoz the Greedy
 10790 | D:9      | Found a blossoming altar of Fedhas.
 10912 | D:9      | Learned a level 1 spell: Foxfire
 11083 | D:9      | Found a staircase to the Lair.
 11201 | D:9      | Gained mutation: You occasionally shout uncontrollably at
                  | your foes. [potion of mutation]
 11201 | D:9      | Gained mutation: You have a pair of small antennae on your
                  | head. [potion of mutation]
 11202 | D:9      | Lost mutation: You occasionally shout uncontrollably at
                  | your foes. [potion of mutation]
 11202 | D:9      | Gained mutation: You are dopey. (Int -2) [potion of
                  | mutation]
 11202 | D:9      | Gained mutation: Your flesh is cold resistant. (rC+)
                  | [potion of mutation]
 11247 | D:9      | Found a shimmering blue altar of Sif Muna.
 11256 | D:9      | Found Xoowkiaj's Hydra Hut.
 11257 | D:9      | Noticed a four-headed hydra
 11379 | D:9      | Found a staircase to the Orcish Mines.
 11529 | D:9      | Reached skill level 13 in Spellcasting
 11857 | D:9      | Found Utukeapt's Antique Weapon Shop.
 12032 | D:9      | Reached skill level 1 in Fire Magic
 12520 | D:9      | Reached XP level 11. HP: 57/57 MP: 23/30
 12659 | D:9      | Found a stormy altar of Qazlal.
 12760 | D:9      | Reached skill level 1 in Hexes
 12841 | D:9      | HP: 1/57 [meliai/+0 war axe (13)]
 12842 | D:9      | Killed from afar by a meliai

Illustrated notes

Levels and vault maps discovered:
D:1:      kennysheep_arrival_forest, layout_loops_ring, roderic_three_in_a_row
D:2:      layout_loops_ring, serial_shops, shop_coins, shop, shop, shop,
          nicolae_shop_temple_entry_statues_fountains, basic_altar,
          st_stairs_10, minmay_split_cup_large, uniq_sigmund, uniq_jessica
D:3:      layout_basic, general_overflow_altar, nzn_wu_jian_council_hall,
          nicolae_uskayaw_en_pointe, shapermc_ecumenical_altar_gd,
          minmay_fountain_box, nrook_loot_triangle
D:4:      layout_rooms, serial_glass, glass_columns_a, glass_columns_b,
          uniq_natasha
D:5:      cheibrodos_quashed, layout_basic, serial_shops, shop, grunt_decor_cap
D:6:      layout_gridville, grunt_temple_overflow_diamond, temple_statues,
          kennysheep_another_room
D:7:      layout_basic, nicolae_ashenzari_skybound, grunt_temple_overflow_open,
          chequers_hall_statues_wall_a
D:8:      lemuel_ratsnest, layout_basic, hex_large, palyth_stone_intersect,
          kennysheep_generic_room_16, uniq_harold
D:9:      minmay_chambers_of_sevens, layout_irregular_city,
          amcnicky_altar_gilded, nicolae_overflow_hidden_temple,
          nicolae_qazlal_eye_of_the_storm, grunt_lair_entry_orc_guard_hut,
          zombieorc2_lemuel, serial_shops, nicolae_shop_stone,
          doesnt_shop_hydraphobe
Temple:   compressed_dpeg_triangle_lava_temple

Skill      XL: |  1  2  3  4  5  6  7  8  9 10 11 |
---------------+----------------------------------+-----
Conjurations   | 5 6 7 8 10 11 | 11.4
Spellcasting   | 4 5 6 8 10 11 13 | 13.8
Stealth        | 3 4 5 |  5.7
Fighting       | 1 2 |  2.1
Dodging        | 3 4 |  4.5
Translocations | 1 3 5 6 |  6.2
Summonings     | 1 |  1.9
Fire Magic     | 3 |  3.3
Hexes          | 1 |  1.3
Short Blades   | |  0.3
Ice Magic      | |  0.1

Action                   |  1- 3 |  4- 6 |  7- 9 | 10-12 || total
-------------------------+-------+-------+-------+-------++-------
Melee: Short sword       |     8 |       |       |       ||     8
       Staff             |       |       |       |     5 ||     5
 Cast: Magic Dart        |    56 |    94 |   115 |   142 ||   407
       Searing Ray       |     1 |     6 |    41 |    41 ||    89
       Summon Small Mamm |       |     5 |       |     1 ||     6
       Iskenderun's Myst |       |       |    21 |    35 ||    56
       Ensorcelled Hiber |       |       |     1 |     2 ||     3
       Foxfire           |       |       |       |     8 ||     8
  Use: Scroll            |       |     7 |     4 |     3 ||    14
       Potion            |       |       |     4 |     8 ||    12
 Stab: Sleeping          |       |       |       |     1 ||     1
Armor: Robe              |     2 |     1 |     2 |     2 ||     7
Dodge: Dodged            |     8 |    13 |    29 |    36 ||    86

Table legend: (Time is in decaauts)
 A = Elapsed time spent in this place.
 B = Non-inter-level travel time spent in this place.
 C = Inter-level travel time spent in this place.
 D = Time resting spent in this place.
 E = Time spent auto-exploring this place.
 F = Levels seen in this place.
 G = Mean time per level.
                   A        B        C        D        E       F      G
               +--------+--------+--------+--------+--------+-----+--------+
         Total |  12842 |  12494 |    348 |   4940 |   5565 |  10 | 1284.2 |
       Dungeon |  12531 |  12209 |    322 |   4940 |   5327 |   9 | 1392.3 |
        Temple |    311 |    285 |     26 |      0 |    238 |   1 |  311.0 |
               +--------+--------+--------+--------+--------+-----+--------+

Top non-repeatable levels by time:
     D:9: 2245 daAuts
     D:8: 2243 daAuts
     D:6: 1355 daAuts
     D:3: 1275 daAuts
     D:2: 1207 daAuts
     D:1: 1160 daAuts
     D:5: 1124 daAuts
     D:7: 1008 daAuts
     D:4: 910 daAuts
  Temple: 311 daAuts
